 Dungeon Sprint DCSS version 0.28.0-45-g0d030f2227 (webtiles) character file.

Game seed: 5483593013227578673

11 McKennaii the Covered (level 2, -8/26 HPs)
             Began as a Demigod Fighter on Apr 18, 2022.
             Mangled by a merfolk siren
             ... wielding a +0 trident
              (16 damage)
             ... in the Dungeon (Sprint II: "The Violet Keep of Menkaure").
             The game lasted 00:00:27 (578 turns).

McKennaii the Covered (Demigod Fighter)              Turns: 578, Time: 00:00:27

Health: -8/26      AC:  6    Str: 17    XL:     2   Next: 3%
Magic:  4/4        EV:  9    Int: 10    God:
Gold:   243        SH:  4    Dex: 13    Spells: 1/1 levels left

rFire   . . .      SeeInvis .   a - +0 trident
rCold   . . .      Faith    .   c - +0 buckler
rNeg    . . .      Spirit   .   b - +0 scale mail
rPois   .          Reflect  .   (no helmet)
rElec   .          Harm     .   (no cloak)
rCorr   .          Rampage  .   (no gloves)
Will    .....      NoTele   +   (no boots)
Stlth   ..........              (no amulet)
HPRegen 0.08/turn               (no ring)
MPRegen 0.09/turn               (no ring)

@: mesmerised
A: high MP 1, forlorn, divine attributes
a: no special abilities


You were in the Dungeon.
You visited 1 branch You collected 243 gold pieces.

Inventory:

Hand Weapons
 a - a +0 trident (weapon)
Armour
 b - a +0 scale mail (worn)
 c - a +0 buckler (worn)
Scrolls
 j - a scroll of blinking
Potions
 d - a potion of might
 e - a potion of curing
 f - a potion of heal wounds
 g - a potion of haste
 h - 2 potions of magic
 i - a potion of berserk rage


   Skills:
 + Level 3.5 Fighting
 + Level 2.9 Polearms
 + Level 3.5 Armour
 - Level 2.6 Shields


You had one spell level left.
You didn't know any spells.
Your spell library was empty.

Dungeon Overview and Level Annotations

Branches:
Dungeon (1/1)

Shops:
D (=*:!?([!


Innate Abilities, Weirdness & Mutations

You have an increased reservoir of magic. (+10% MP)
You shall have no god before yourself.
Your divine heritage dramatically boosts your attributes as you level up.


Message History

* * * LOW HITPOINT WARNING * * *
You barely miss the worm.
The worm is moderately wounded.
You block the worm's attack.
You puncture the worm!
The worm is severely wounded.
You hit the worm.
The worm is severely wounded.
The worm barely misses you.
Reach: a) +0 trident
Press: ? - help, Dir - move target, f - worm
Aim: a worm (heavily wounded, about 23% to evade your +0 trident)
You reach to attack!
You puncture the worm!
You kill the worm!
You have reached level 2!
You hear a splash.
You close the door, pushing everything out of the way.
You start resting.
The walls and floor vibrate strangely for a moment.
You start resting.
There is an open door here.
There is a staircase leading out of the dungeon here.
You start resting.
HP restored.
You open the door.
A merfolk siren comes into view. It is wielding a +0 trident.
The merfolk siren shouts!
The merfolk siren chants a haunting song.
You are mesmerised by the merfolk siren!
The merfolk siren hits you from afar with a +0 trident!!
Ouch! That really hurt!
There is an open door, spattered with blood here.
Reach: a) +0 trident
Press: ? - help, Dir - move target, f - merfolk siren
Aim: a merfolk siren, wielding a +0 trident (mesmerising, about 50% to evade your +0 trident)
You reach to attack!
You puncture the merfolk siren!
The merfolk siren is moderately wounded.
The merfolk siren hits you from afar with a +0 trident!
Ouch! That really hurt!
You die... .....#≈ ## ## ....∩#≈ ##. .## ...∩.#≈ .. .. ∩.∩.∩#≈ ### B#B

.∩.∩.#≈##.###+#
∩.∩..#≈#...##.##
+≈+##.'.<.+
.....#≈#.####.##
▓▓▓###≈ #.# #@#
######≈ ###...#
## #..#m.# ##.
.## ## ##


You could see a merfolk siren (mesmerising).

Vanquished Creatures
  3 worms (D)
3 creatures vanquished.

Notes
Turn   | Place    | Note
-------+----------+-------------------------------------------
     0 | D        | McKennaii the Demigod Fighter began the quest for the Orb.
     0 | D        | Reached XP level 1. HP: 18/18 MP: 3/3
     1 | D        | Noticed a boulder beetle
     1 | D        | Noticed a boulder beetle
   312 | D        | Found Qekis's Distillery.
   312 | D        | Found Xouf's Jewellery Boutique.
   312 | D        | Found Kelieged's Weapon Shop.
   312 | D        | Found Vatyhoyrr's General Store.
   312 | D        | Found Zeloyl's Distillery.
   312 | D        | Found Surchyoh's Book Boutique.
   312 | D        | Found Joypt's Antique Weapon Shop.
   312 | D        | Found Peuntenk's Magic Scroll Boutique.
   312 | D        | Found Kixos's Antique Armour Boutique.
   329 | D        | Reached XP level 2. HP: 6/26 MP: 4/4
   576 | D        | Noticed a merfolk siren
   578 | D        | Mangled by a merfolk siren

Illustrated notes

Levels and vault maps discovered:
D:        the_violet_keep_of_menkaure [sprint2_stairs_cluster_1,
          sprint2_shoproom, sprint2_temple, sprint2_basic_supplies,
          sprint2_obstacle_2, sprint2_obstacle_4, sprint2_obstacle_5,
          sprint2_obstacle_3, sprint2_obstacle_6, sprint2_timed_cluster_1,
          sprint2_smallroom_cluster_1, sprint2_smallroom_final_cluster_1,
          sprint2_transparent_cluster_1, sprint2_second_timed_cluster_1,
          sprint2_sniper_area_1, sprint2_heavy_combat_area_1,
          sprint2_mutation_trap_area_1, sprint2_forest_area_1,
          sprint2_light_combat_area_1, sprint2_behind_water_1,
          sprint2_near_end_vault_1]

Skill      XL: |  1 |
---------------+----+-----
Fighting       | 3 |  3.5
Polearms       | 2 |  2.9
Armour         | 3 |  3.5
Shields        | |  2.6

Action                   || total
-------------------------++-------
Melee: Trident           ||    30
Armor: Scale mail        ||     2
Dodge: Dodged            ||     3
Block: Buckler           ||     4
